 Dungeon Crawl Stone Soup version 0.31-a0-940-gdaa99269f9 (webtiles) character file.

Game seed: 85645566460698890

168 kae the Chopper (level 5, -2/45 HPs)
             Began as a Hill Orc Fighter on Oct 20, 2023.
             Was a Follower of Qazlal.
             Killed by nerve-wracking pain
             ... invoked by an orc priest
              (7 damage)
             ... on level 4 of the Dungeon.
             The game lasted 00:01:36 (2608 turns).

kae the Chopper (Hill Orc Fighter)                  Turns: 2608, Time: 00:01:36

Health: -2/45      AC: 10    Str: 19 (21) XL:     5   Next: 48%
Magic:  5/5        EV:  9    Int:  6 (8)  God:    Qazlal [*.....]
Gold:   95         SH:  5    Dex:  8 (10) Spells: 4/4 levels left

rFire   . . .        a - +0 war axe
rCold   . . .        c - +0 buckler
rNeg    . . .        b - +0 scale mail
rPois   .            m - +0 helmet
rElec   .            (no cloak)
rCorr   .            k - +1 pair of gloves
SInv    .            (no boots)
Will    .....        (no amulet) Stlth
                     (no ring)
HPRegen 0.27/turn    (no ring)
MPRegen 0.09/turn

%: no passive effects
@: mighty, attractive, invisible
A: no striking features
a: Renounce Religion


You were on level 4 of the Dungeon.
You worshipped Qazlal.
Qazlal was aware of your devotion.
You visited 1 branch of the dungeon, and saw 4 of its levels.

You collected 95 gold pieces.


   Skills:
 - Level 3.6 Fighting
 + Level 7.3 Axes
 - Level 3.2 Armour
 - Level 3.2 Shields


You had 4 spell levels left.
You didn't know any spells.
Your spell library contained the following spells:

 Spells                   Type           Power      Damage    Failure   Level
 Summon Small Mammal      Summ           0%         N/A       88%         1
 Blink                    Tloc           0%         N/A       95%         2
 Lesser Beckoning         Tloc           0%         N/A       95%         2
 Momentum Strike          Conj/Tloc      0%         3d8       95%         2
 Call Canine Familiar     Summ           0%         N/A       99%         3
 Summon Guardian Golem    Hex/Summ       0%         N/A       99%         3

Inventory:

Hand Weapons
 a - a +0 war axe (weapon)
Missiles
 g - 5 poisoned darts
 h - a throwing net {=f!f}
 j - 28 stones
Armour
 b - a +0 scale mail (worn)
 c - a +0 buckler (worn)
 k - a +1 pair of gloves (worn)
   (You found it on level 2 of the Dungeon)
 m - a +0 helmet (worn)
   (You found it on level 2 of the Dungeon)
Wands
 o - a wand of mindburst (7)
   (You took it off Ijyb on level 3 of the Dungeon)

Dungeon Overview and Level Annotations

Branches:
Dungeon (4/15) Zot: 21343
 Temple: D:4-7

Altars:
Nemelex Xobeh
Okawaru
Qazlal
Yredelemnul

Shops:
D:1 [   D:3 =

Annotations:
D:4 Blork the orc

## ....# ... #.... .
..!##.#.# ..#
......#.### #..##
........#.###...####
...............##..
......oo..........
.## #o)@........#
#..#
#.###[......####.##
#. #.........#...# #
#.$...........##
#.<........#...^
..........#...###..
..........####..#...
.......#... #...)..#
?......#........##..


You could see Blork the orc (fast, unable to see you), an orc priest (unable to
see you) and an orc (unable to see you).


Message History

Qazlal accepts your kill.
You are now surrounded by a storm.
Blork the orc casts a cantrip, but nothing happens.
Blork the orc hits you but does no damage.
You hit Blork the orc. You closely miss the orc.
Blork the orc points at you and mumbles some strange words.
The puff of flame hits you! The orc hits you but does no damage.
Blork the orc casts a spell at you. The puff of flame hits you.
An orc comes into view.
It is wielding a +0 short sword of freezing.
You block the orc's attack.
You are too injured to fight recklessly! 😮 HP[-12]
You take 12 damage, and now have 31/45 hp.
MASSIVE DAMAGE!! (PAUSE)
You hit Blork the orc. You slash the orc!
You kill the orc!
Qazlal accepts your kill.
Blork the orc hits you with a +2 mace of holy wrath.
You block the ball python's attack.
The ball python barely misses you. 😮 HP[-5]
You take 5 damage, and now have 26/45 hp.
You hit Blork the orc but do no damage. You hit the ball python.
You kill the ball python!
Qazlal accepts your kill.
Blork the orc screams, "I'll eat your brain!
And then I'll vomit it back up!"
You block Blork the orc's attack.
Blork the orc hits you but does no damage.
An orc priest comes into view. It is wielding a +0 short sword.
Unknown command.
The orc priest shouts, "Surrender to Beogh and we'll let you live!" (press Y on the ability menu to convert to Beogh)
You hit Blork the orc. You closely miss the orc.
Blork the orc hits you but does no damage.
The orc hits you but does no damage.
Blork the orc barely misses you. 😮 HP[+1]
You closely miss Blork the orc. You closely miss the orc.
Blork the orc hits you with a +2 mace of holy wrath.
* * * LOW HITPOINT WARNING * * *
The orc priest miscasts a cantrip.
The orc hits you with a +0 whip.
* * * LOW HITPOINT WARNING * * *
Blork the orc points at you and mumbles some strange words.
The puff of frost hits you but does no damage.
Unknown command. 😨 HP[-7]
You take 7 damage, and now have 20/45 hp.
The orc priest shouts, "Beogh is our master!
Accept the truth or die!"
You hit Blork the orc. You hit the orc but do no damage.
Blork the orc gestures at you while chanting.
The puff of frost hits you but does no damage.
Unknown command.
It was a potion of degeneration.
There was something very wrong with that liquid.
You feel weakened.
You feel dopey.
You feel clumsy.
Blork the orc hits you with a +2 mace of holy wrath!
* * * LOW HITPOINT WARNING * * *
The orc barely misses you.
Blork the orc barely misses you. 😨 HP[-7]
You take 7 damage, and now have 13/45 hp.
It was a potion of invisibility.
You fade into invisibility!
Blork the orc gestures at you while chanting.
The magic dart hits you.
* * * LOW HITPOINT WARNING * * *
The orc hits you but does no damage. The orc hits you with a +0 whip.
* * * LOW HITPOINT WARNING * * *
😱 HP[-4]
You take 4 damage, and now have 9/45 hp.
It was a potion of curing.
You feel better.
Blork the orc points at you and mumbles some strange words.
The puff of frost hits you.
* * * LOW HITPOINT WARNING * * *
The orc misses you. The orc barely misses you.
Blork the orc casts a spell at you.
The magic dart hits you but does no damage. 😱 HP[+2]
You regained 2 hp, and now have 11/45 hp.
It was a potion of attraction.
You feel attractive to monsters.
Blork the orc gestures at you while chanting.
The magic dart hits you!
* * * LOW HITPOINT WARNING * * *
The orc barely misses you. You block the orc's attack. 😱 HP[-7]
You take 7 damage, and now have 4/45 hp.
Unknown command.
You aren't carrying any scrolls.
Unknown command.
You feel very mighty all of a sudden. You block Blork the orc's attack.
You block the orc's attack. The orc hits you but does no damage.
Blork the orc closely misses you.
Unknown command.
You closely miss Blork the orc. You hit the orc but do no damage.
You hit the orc.
You kill the orc!
Qazlal accepts your kill. Blork the orc barely misses you.
The orc priest calls down the wrath of Beogh upon you.
Pain shoots through your body!
You die...

Skill      XL: |  1  2  3  4  5 |
---------------+----------------+-----
Axes           | 3 4 5 6 7 |  7.3
Fighting       | |  3.6
Armour         | |  3.2
Shields        | |  3.2

Action                     |  1- 3 |  4- 6 || total
---------------------------+-------+-------++-------
  Melee: War axe           |    99 |    74 ||   173
    Use: Scroll            |       |     3 ||     3
         Potion            |       |     5 ||     5
 Armour: Scale mail        |    79 |    65 ||   144
  Dodge: Dodged            |    52 |    43 ||    95
  Block: Buckler           |    17 |    25 ||    42

Levels and vault maps discovered:
D:1:      kilobyte_arrival_exit_the_forest, layout_basic, serial_shops,
          nicolae_shop_crystal
D:2:      layout_basic, hex_intersection
D:3:      layout_loops_ring, grunt_temple_overflow_diamond, lemuel_tele_altar,
          serial_shops, nicolae_shop_gibbet_a_chance, uniq_terence,
          uniq_jessica, uniq_ijyb, uniq_robin
D:4:      layout_cave_pools, kennysheep_generic_room_13, uniq_duvessa,
          uniq_blork_the_orc

Notes
Turn   | Place    | Note
-------+----------+-------------------------------------------
     0 | D:1      | kae the Hill Orc Fighter began the quest for the Orb.
     0 | D:1      | Reached XP level 1. HP: 19/19 MP: 1/1
     0 | D:1      | magus.rc [v1.11.3]
   111 | D:1      | Reached skill level 3 in Axes
   225 | D:1      | Reached XP level 2. HP: 26/26 MP: 2/2
   362 | D:1      | Found Hucegg's Antique Armour Emporium.
   382 | D:1      | Reached skill level 4 in Axes
   960 | D:2      | Reached XP level 3. HP: 25/31 MP: 3/3
  1028 | D:2      | Reached skill level 5 in Axes
  1324 | D:2      | You fall into a shaft and drop 1 floor!
  1335 | D:3      | Found a basalt altar of Yredelemnul.
  1339 | D:3      | Found an iron altar of Okawaru.
  1343 | D:3      | Found a stormy altar of Qazlal.
  1382 | D:3      | Became a worshipper of Qazlal Stormbringer
  1440 | D:3      | Noticed Jessica
  1440 | D:3      | Noticed Robin
  1461 | D:3      | Killed Robin
  1462 | D:3      | Reached XP level 4. HP: 20/39 MP: 4/4
  1472 | D:3      | Killed Jessica
  1473 | D:3      | Reached skill level 6 in Axes
  1574 | D:3      | You pick up a book of Spatial Translocations and begin
                  | reading...
  1574 | D:3      | You add the spells Blink, Momentum Strike and Lesser
                  | Beckoning to your library.
  1830 | D:3      | Noticed Ijyb
  1841 | D:3      | Killed Ijyb
  1846 | D:3      | Reached XP level 5. HP: 24/45 MP: 5/5
  1937 | D:3      | You pick up a book of Spatial Translocations and begin
                  | reading...
  1959 | D:3      | Found Ceineteos's Jewellery Emporium.
  1971 | D:3      | Noticed Terence
  1981 | D:3      | Killed Terence
  1982 | D:3      | Reached skill level 7 in Axes
  2147 | D:3      | You pick up a book of Callings and begin reading...
  2147 | D:3      | You add the spells Summon Small Mammal, Call Canine
                  | Familiar and Summon Guardian Golem to your library.
  2233 | D:3      | You pick up a book of Spatial Translocations and begin
                  | reading...
  2328 | D:3      | Found a sparkling altar of Nemelex Xobeh.
  2464 | D:4      | Noticed Blork the orc
  2596 | D:4      | Reached * piety under Qazlal
  2604 | D:4      | HP: 9/45 [orc/+0 whip (4)]
  2606 | D:4      | HP: 4/45 [Blork the orc/magic dart (7)]
  2608 | D:4      | Killed from afar by an orc priest

Vanquished Creatures
  Terence (D:3)
  Jessica (D:3)
  Ijyb (D:3)
  Robin (D:3)
  4 worms
  2 dart slugs
  5 orcs (D:4)
  5 bats
  2 endoplasms
  2 giant cockroaches
  9 goblins
  4 hobgoblins
  3 jackals (D:3)
  2 quokkas
  9 ball pythons
  5 frilled lizards
  A kobold (D:1)
  3 rats
60 creatures vanquished.

Table legend:
 A = Non-vault XP
 B = Vault XP
 C = Vault XP percentage of total XP
 D = Non-vault monster count
 E = Vault monster count
 F = Vault count percentage of total count
                 A         B        C        D         E       F
            +---------+---------+-------+---------+---------+-------
      Total |     104 |     139 |  57.2 |      49 |      11 |  18.3
            +---------+---------+-------+---------+---------+-------
        D:1 |      28 |       0 |   0.0 |      17 |       0 |   0.0
        D:2 |      32 |       0 |   0.0 |      14 |       0 |   0.0
        D:3 |      21 |     139 |  86.9 |      10 |      11 |  52.4
        D:4 |      23 |       0 |   0.0 |       8 |       0 |   0.0
            +---------+---------+-------+---------+---------+-------

Skill      XL: |  1  2  3  4  5 |
---------------+----------------+-----
Axes           | 3 4 5 6 7 |  7.3
Fighting       | |  3.6
Armour         | |  3.2
Shields        | |  3.2

Action                     |  1- 3 |  4- 6 || total
---------------------------+-------+-------++-------
  Melee: War axe           |    99 |    74 ||   173
    Use: Scroll            |       |     3 ||     3
         Potion            |       |     5 ||     5
 Armour: Scale mail        |    79 |    65 ||   144
  Dodge: Dodged            |    52 |    43 ||    95
  Block: Buckler           |    17 |    25 ||    42

Illustrated notes

Table legend:
 A = Kills in this place as a percentage of kills in the entire game.
 B = Kills by you in this place as a percentage of kills by you in the entire game.
 C = Kills by friends in this place as a percentage of kills by friends in the entire game.
 D = Other kills in this place as a percentage of other kills in the entire game.
 E = Experience gained in this place as a percentage of experience gained in the entire game.
 F = Experience gained in this place divided by the number of levels of this place that you have seen.
                   A       B       C       D       E      F
               +-------+-------+-------+-------+-------+----------------------
         Total | 100.0 | 100.0 |   N/A |   N/A | 100.0 |  60.8
       Dungeon | 100.0 | 100.0 |   N/A |   N/A | 100.0 |  60.8
               +-------+-------+-------+-------+-------+----------------------

Table legend: (Time is in decaauts)
 A = Elapsed time spent in this place.
 B = Non-inter-level travel time spent in this place.
 C = Inter-level travel time spent in this place.
 D = Time resting spent in this place.
 E = Time spent auto-exploring this place.
 F = Levels seen in this place.
 G = Mean time per level.
                   A        B        C        D        E       F      G
               +--------+--------+--------+--------+--------+-----+--------+
         Total |   2655 |   2498 |    157 |    194 |   1894 |   4 |  663.8 |
       Dungeon |   2655 |   2498 |    157 |    194 |   1894 |   4 |  663.8 |
               +--------+--------+--------+--------+--------+-----+--------+

Top non-repeatable levels by time:
     D:3: 868 daAuts
     D:1: 852 daAuts
     D:2: 781 daAuts
     D:4: 152 daAuts
